[Event "Early-Titled-Tuesday-Blitz-April-16-2024"]
[Site "Chess.com"]
[Date "2024.04.16"]
[Round "3"]
[White "BogdanDeac"]
[Black "The_Sherman_Variation"]
[Result "1-0"]
[WhiteElo "3025"]
[BlackElo "2717"]
[TimeControl "180+1"]
[EndTime "8:28:54 PDT"]
[Termination "BogdanDeac won by resignation"]

1. Nf3 d5 2. e3 Nf6 3. c4 e6 4. b3 c5 5. Bb2 Nc6 6. cxd5 exd5 7. Bb5 Bd6 8. O-O O-O 9. h3 Be6 10. Bxc6 bxc6 11. Nc3 Ne4 12. Ne2 Rb8 13. d3 Nf6 14. Rc1 Nd7 15. Nf4 Bxf4 16. exf4 Rb4 17. Qd2 a5 18.
Ba3 Rb5 19. d4 Nf6 20. dxc5 Ne4 21. Qd3 Qf6 22. Nd4 Rbb8 23. Nxc6 Rbc8 24. Nd4 Qxf4 25. c6 Rfe8 26. Bb2 Ng5 27. Qg3 Qxg3 28. fxg3 Ne4 29. g4 h5 30. gxh5 f6 31. Bc3 Bf7 32. Bxa5 Bxh5 33.
b4 Nd2 34. Rf5 Bg6 35. Rxd5 Bf7 36. Rd7 Ne4 37. b5 Ra8 38. c7 Bxa2 39. b6 Rxa5 40. b7 1-0

[Event "Early-Titled-Tuesday-Blitz-April-16-2024"]
[Site "Chess.com"]
[Date "2024.04.16"]
[Round "3"]
[White "Kazmin_Semyon"]
[Black "MIss_MIaMI"]
[Result "1-0"]
[WhiteElo "2587"]
[BlackElo "2357"]
[TimeControl "180+1"]
[EndTime "8:28:54 PDT"]
[Termination "Kazmin_Semyon won by resignation"]

1. e4 c5 2. Nf3 e6 3. d4 cxd4 4. Nxd4 a6 5. Bd3 Qc7 6. O-O Nf6 7. c4 d6 8. Nc3 Be7 9. Be3 O-O 10. f4 Nbd7 11.
Qf3 Nc5 12. Bc2 Ncd7 13. Bd3 Nc5 14. Be2 b6 15. b4 Ncd7 16. g4 Bb7 17. g5 Ne8 18.
Rac1 Rc8 19. Qh5 h6 20. g6 Nef6 21. gxf7+ Rxf7 22. Qg6 Nf8 23. Qg2 Kh8 24. f5 e5 25.
Ne6 Nxe6 26. fxe6 Rff8 27. Nd5 Bxd5 28. cxd5 Qd8 29. Bxa6 Ra8 30. b5 Rb8 31. Qg6 Qe8 32. Qxe8 Rfxe8 33. Rc4 Ng4 34. Bd2 Rf8 35. Rxf8+ Rxf8 36. Rc8 Rxc8 37. Bxc8 Bh4 38. e7 Nf6 39. Bd7 Kg8 40.
e8=Q+ Nxe8 41. Bxe8 Kf8 42. Bc6 Ke7 43. Be3 Bg5 44.
Bxg5+ hxg5 45. Kg2 Kf6 46. Kg3 Kg6 47. Kg4 Kf6 48.
a4 1-0

[Event "Early-Titled-Tuesday-Blitz-April-16-2024"]
[Site "Chess.com"]
[Date "2024.04.16"]
[Round "3"]
[White "Iuckyducky"]
[Black "KINGOF2SOAP"]
[Result "1-0"]
[WhiteElo "2272"]
[BlackElo "2475"]
[TimeControl "180+1"]
[EndTime "8:28:54 PDT"]
[Termination "Iuckyducky won by checkmate"]

1. e4 d5 2. exd5 Qxd5 3. Nc3 Qd6 4. d4 Nf6 5. Bd3 c6 6. Nge2 Nbd7 7. Bf4 Qb4 8. Qd2 e6 9. O-O-O a5 10. a3 Qb6 11.
f3 a4 12. g4 Qd8 13. Ne4 b5 14. Nd6+ Bxd6 15. Bxd6 Nd5 16. Nc3 N7b6 17. Ne4 Bb7 18.
Bc5 Nc8 19. Rde1 Nde7 20. f4 O-O 21. h4 Re8 22. Ng5 h6 23. Bh7+ Kh8 24. Nxf7+ Kxh7 25. Nxd8 Rxd8 26. Qd3+ Kg8 27. f5 Na7 28. Bxe7 Re8 29. Rxe6 Bc8 30. Rhe1 Bxe6 31. Rxe6 Nc8 32. f6 Nxe7 33.
fxe7 Ra7 34. Qe4 Kf7 35. g5 hxg5 36. hxg5 Rexe7 37. g6+ Ke8 38. Qxc6+ Kf8 39. Qc8+ Re8 40. Qxe8# 1-0

[Event "Early-Titled-Tuesday-Blitz-April-16-2024"]
[Site "Chess.com"]
[Date "2024.04.16"]
[Round "3"]
[White "margarita_2703"]
[Black "lluiss"]
[Result "1-0"]
[WhiteElo "2355"]
[BlackElo "2080"]
[TimeControl "180+1"]
[EndTime "8:28:54 PDT"]
[Termination "margarita_2703 won on time"]

1. e4 c5 2. Nf3 d6 3. d4 cxd4 4. Qxd4 Nc6 5. Bb5 Bd7 6. Bxc6 Bxc6 7. Nc3 Nf6 8. Bg5 e6 9. O-O-O Be7 10. Qd3 O-O 11.
Nd4 Qa5 12. f4 Rfc8 13. Kb1 a6 14. h4 Qc7 15. f5 e5 16. Nb3 b5 17. Bxf6 Bxf6 18. g4 b4 19. Ne2 Bb5 20. Qd2 a5 21.
g5 a4 22. Nbc1 Bd8 23. g6 fxg6 24. fxg6 h6 25. Rh2 b3 26. cxb3 axb3 27. Nxb3 Bc4 28. Rh3 Qa7 29. a3 Rab8 30. Nec1 Rc6 31. Rc3 Bxh4 32. Rxc4 Rxc4 33. Qd5+ Kh8 34. Qxc4 Bg5 35. Rxd6 Qb7 36. Qd3 h5 37. Rd7 Qb6 38. a4 Bxc1 39. Kxc1 Qg1+ 40. Kd2 Qh2+ 41. Kc3 Rc8+ 42. Kb4 Qh4 43. a5 Qf6 44. Ka3 Qxg6 45. Rd8+ Rxd8 46.
Qxd8+ Kh7 47. Qd5 Qf6 48. Nc5 h4 49. a6 h3 50. a7 h2 51. Qd1 1-0

[Event "Early-Titled-Tuesday-Blitz-April-16-2024"]
[Site "Chess.com"]
[Date "2024.04.16"]
[Round "3"]
[White "Shiner22"]
[Black "NusratAlo"]
[Result "0-1"]
[WhiteElo "2317"]
[BlackElo "1891"]
[TimeControl "180+1"]
[EndTime "8:28:54 PDT"]
[Termination "NusratAlo won on time"]

1. e4 c5 2. d4 cxd4 3. c3 dxc3 4. Nxc3 e6 5. Nf3 a6 6. Bc4 b5 7. Bb3 Bb7 8. O-O Qc7 9. Re1 d6 10. a4 b4 11. Nd5 exd5 12. exd5+ Be7 13. a5 Nf6 14.
Ba4+ Kf8 15. Bg5 Nbd7 16. Rc1 Qd8 17. Qd4 h6 18. Bf4 Nc5 19. Rxc5 dxc5 20. Qe5 Nxd5 21. Bg3 Bf6 22. Qf5 Ne7 23. Qc2 Rc8 24. Bb3 c4 25.
Bxc4 Bd5 26. b3 Bxc4 27. bxc4 Kg8 28. Rd1 Qxa5 29. h4 g6 30. h5 Kg7 31. hxg6 Nxg6 0-1

[Event "Early-Titled-Tuesday-Blitz-April-16-2024"]
[Site "Chess.com"]
[Date "2024.04.16"]
[Round "3"]
[White "Statham_01"]
[Black "VerdeNotte"]
[Result "1-0"]
[WhiteElo "2611"]
[BlackElo "2872"]
[TimeControl "180+1"]
[EndTime "8:28:55 PDT"]
[Termination "Statham_01 won by resignation"]

1. e4 e5 2. Nf3 Nc6 3. c3 d5 4.
Bb5 dxe4 5. Nxe5 Qg5 6. Qa4 Qxg2 7. Bxc6+ bxc6 8. Qxc6+ Kd8 9. Rf1 Bh3 10. Qxa8+ Ke7 11. Kd1 Qxf1+ 12. Kc2 f6 13. b3 fxe5 14. Ba3+ Kd7 15.
Qxf8 Qg2 16. c4 Qg6 17. Kb2 h5 18. Nc3 Be6 19. Na4 Kc6 20. Nc5 Nf6 21. Qxh8 Bg8 22. Rc1 a5 23. Ka1 Qg2 24. Na4 Kd7 25. Nc3 Ke6 26. Nd5 Kf7 27. Nxf6 Kxf6 28. Qxg8 Qxh2 29. Qf8+ Kg6 30. Qe8+ Kh7 31. Bb2 c5 32. Qxe5 Qg2 33.
a4 Qg6 34. Ka2 h4 35. Rh1 Qh6 36. Rxh4 Kg6 1-0

[Event "Early-Titled-Tuesday-Blitz-April-16-2024"]
[Site "Chess.com"]
[Date "2024.04.16"]
[Round "3"]
[White "dosto07"]
[Black "Witik"]
[Result "0-1"]
[WhiteElo "2515"]
[BlackElo "2713"]
[TimeControl "180+1"]
[EndTime "8:28:55 PDT"]
[Termination "Witik won by resignation"]

1. e4 c6 2. d4 d5 3. Nc3 dxe4 4. Nxe4 Nf6 5. Nxf6+ exf6 6. c3 Bd6 7. Bd3 O-O 8. Ne2 Re8 9. O-O Nd7 10. Qc2 Nf8 11. Bd2 Ng6 12. Rae1 Qc7 13. h3 Be6 14. c4 Rad8 15. f4 Bc8 16. b4 b6 17. c5 Bf8 18. f5 Ne7 19. Bf4 Qd7 20. Be4 Nd5 21. a3 Ba6 22. Bd3 Bxd3 23. Qxd3 Nxf4 24. Nxf4 Rxe1 25.
Rxe1 bxc5 26. bxc5 Qxd4+ 27. Qxd4 Rxd4 28. Nh5 Rh4 29.
g4 Rxh3 30. Re8 Rxa3 31. Rc8 Ra4 32. Kf2 Rxg4 33. Rxc6 Rc4 34. Rc7 Rxc5 35. Rxc5 Bxc5+ 36. Kf3 a5 37. Nf4 a4 38. Nd3 Bd6 39. Nc1 a3 40.
Na2 g6 41. Kg4 h5+ 42. Kh4 Kg7 43. Nc3 Be5 44. Na2 Kh6 45. fxg6 fxg6 46. Kh3 g5 47.
Kg2 g4 48. Kh1 h4 49. Kg1 Kg5 50. Kh1 h3 51. Kg1 g3 52. Kh1 g2+ 53. Kg1 Bd4+ 0-1

[Event "Early-Titled-Tuesday-Blitz-April-16-2024"]
[Site "Chess.com"]
[Date "2024.04.16"]
[Round "3"]
[White "h4parah5"]
[Black "Timerkhanov"]
[Result "1-0"]
[WhiteElo "2997"]
[BlackElo "2623"]
[TimeControl "180+1"]
[EndTime "8:28:56 PDT"]
[Termination "h4parah5 won by resignation"]

1. Nf3 d5 2. e3 Nf6 3. b3 g6 4. Bb2 Bg7 5. c4 c6 6. Qc2 O-O 7. Be2 a5 8. Nc3 Na6 9. a3 Re8 10. O-O e5 11. cxd5 Nxd5 12. Nxd5 Qxd5 13. Bc4 Qd8 14.
d4 e4 15. Ne5 Be6 16. Bxe6 Rxe6 17. Qxe4 Bxe5 18. dxe5 Nc5 19. Qc2 b6 20. Rad1 Qh4 21. f4 a4 22. b4 Nb3 23. f5 gxf5 24. Qxf5 Qe7 25. Rf4 Rg6 26. e6 Qxe6 27. Qd3 Re8 28. Rf3 c5 29. Qc3 f6 30. bxc5 bxc5 31. Rdf1 c4 32. Kh1 Qd5 33. Qc2 Qd3 34. Qf2 Nc5 35.
Rxf6 c3 36. Bxc3 Qxc3 37. Rxg6+ hxg6 38. Qf7+ Kh8 39. Qxe8+ Kg7 40. Qf8+ Kh7 41. Rf7+ 1-0

[Event "Early-Titled-Tuesday-Blitz-April-16-2024"]
[Site "Chess.com"]
[Date "2024.04.16"]
[Round "3"]
[White "KVAIDAN"]
[Black "Matibar"]
[Result "0-1"]
[WhiteElo "2333"]
[BlackElo "2823"]
[TimeControl "180+1"]
[EndTime "8:28:57 PDT"]
[Termination "Matibar won by resignation"]

1. c3 e5 2. d3 d5 3. Nd2 Be6 4.
h3 f5 5. g4 fxg4 6. Bg2 Nf6 7.
Qa4+ Qd7 8. Qc2 Nc6 9. Nf1 a5 10. Ne3 Bc5 11. a3 a4 12. hxg4 Nxg4 13. Nxg4 Bxg4 14.
Nf3 h6 15. Nh4 Ne7 16. f3 Be6 17. f4 exf4 18. Bxf4 Rf8 19. Bg3 Be3 20. Bf3 O-O-O 21. Ng2 Bg5 22. Bh4 Nf5 23. Bxg5 hxg5 24. O-O-O Ng3 25.
Rhg1 g4 26. Ne3 gxf3 27. Rxg3 f2 28. Nf1 Rf7 29. Qd2 Rdf8 30. Qg5 Kb8 31. e4 Qc6 32. d4 Qc4 33. Qe5 dxe4 34. d5 Bf5 35. d6 e3 36. Rxe3 Qa2 37. dxc7+ Rxc7 38. Rf3 Qb1+ 39.
Kd2 Qxb2+ 40. Ke3 Qxc3+ 41. Qxc3 Rxc3+ 42. Kxf2 Rxf3+ 43. Kxf3 Bc2+ 44. Ke2 Bxd1+ 45. Kxd1 Rxf1+ 0-1

[Event "Early-Titled-Tuesday-Blitz-April-16-2024"]
[Site "Chess.com"]
[Date "2024.04.16"]
[Round "3"]
[White "Dinosaurio_1975"]
[Black "AlessiaSanteramo"]
[Result "1-0"]
[WhiteElo "2572"]
[BlackElo "2322"]
[TimeControl "180+1"]
[EndTime "8:28:57 PDT"]
[Termination "Dinosaurio_1975 won by checkmate"]

1. e4 e5 2. Nf3 Nc6 3. Bc4 Nf6 4. d3 Bc5 5. Be3 Bb6 6. O-O d6 7. a4 Bg4 8. Nbd2 Na5 9. Ba2 c5 10. h3 Be6 11. Bxe6 fxe6 12. Ng5 Qe7 13. f4 exf4 14. Bxf4 c4+ 15. Kh1 cxd3 16. cxd3 O-O 17. Nb3 h6 18.
Nf3 Rae8 19. Nxa5 Bxa5 20. Be3 d5 21. Ne5 Qb4 22. Ng6 Rf7 23. e5 Nh7 24. Rxf7 Kxf7 25.
Qh5 Kg8 26. Rf1 Bd8 27. Nf4 Qe7 28. Ng6 Qd7 29. Kh2 Bg5 30. Bxg5 Nxg5 31. h4 Nf7 32.
Qf3 Nh8 33. h5 Nxg6 34. hxg6 Qe7 35. Qf7+ Kh8 36. Qxe7 Rxe7 37. Rf8# 1-0

[Event "Early-Titled-Tuesday-Blitz-April-16-2024"]
[Site "Chess.com"]
[Date "2024.04.16"]
[Round "3"]
[White "M1711"]
[Black "PLAYER_2006_M"]
[Result "0-1"]
[WhiteElo "2705"]
[BlackElo "2984"]
[TimeControl "180+1"]
[EndTime "8:28:58 PDT"]
[Termination "PLAYER_2006_M won on time"]

1. e4 e5 2. Nf3 Nf6 3. Nxe5 d6 4. Nf3 Nxe4 5. d3 Nf6 6. d4 g6 7. c4 Bg7 8. Nc3 O-O 9. Be2 Nc6 10. O-O Re8 11. Bf4 Ne4 12. Re1 Bf5 13. Bd3 Nxc3 14. Rxe8+ Qxe8 15. bxc3 Qd7 16. Rb1 b6 17. Rb5 Bxd3 18.
Qxd3 Re8 19. h3 h6 20. Rb1 Na5 21. c5 dxc5 22. Qa6 Qf5 23. Rf1 Qxf4 24. Qxa7 cxd4 25.
cxd4 Qd6 26. Rc1 Nc6 27. Qa4 Re6 28. Rd1 Qd5 29. a3 Kh7 30. Qc2 Rd6 31. Kh1 Rd7 32. Qc3 Nxd4 33. Qc1 c5 34. Nh2 Re7 35. Ng4 Re2 36. Ne3 Qe4 37. Rf1 Nf5 38. Ng4 h5 39.
Nh2 Nh4 40. Rg1 Rxf2 0-1

[Event "Early-Titled-Tuesday-Blitz-April-16-2024"]
[Site "Chess.com"]
[Date "2024.04.16"]
[Round "3"]
[White "teresin05"]
[Black "Elnaz_Kaliakhmet"]
[Result "0-1"]
[WhiteElo "2321"]
[BlackElo "2572"]
[TimeControl "180+1"]
[EndTime "8:28:58 PDT"]
[Termination "Elnaz_Kaliakhmet won by checkmate"]

1. e4 c5 2. Nf3 Nc6 3. d4 cxd4 4.
Nxd4 Nf6 5. Nc3 d6 6. f3 e5 7.
Nb3 Be7 8. Be3 Be6 9. Nd5 O-O 10. c4 a6 11. Qd2 b5 12. cxb5 axb5 13. Bxb5 Bxd5 14.
exd5 Nd4 15. Bxd4 exd4 16. Qxd4 Rb8 17. a4 Nd7 18. O-O Bf6 19. Qd2 Nc5 20. Nxc5 dxc5 21.
Kh1 Bd4 22. Rac1 Qxd5 23. Rfd1 Rfd8 24. b4 cxb4 25. Qxb4 Qe5 26. Qe1 Qh5 27. Rc4 Be5 28.
Rxd8+ Rxd8 29. h3 Qf5 30. Re4 f6 31. Bc4+ Kh8 32. a5 Qd7 33. a6 Qa7 34. Qe3 Qxe3 35. Rxe3 Rd1+ 36. Bf1 Rxf1# 0-1

[Event "Early-Titled-Tuesday-Blitz-April-16-2024"]
[Site "Chess.com"]
[Date "2024.04.16"]
[Round "3"]
[White "kacperkarwowski"]
[Black "FMOlexandrProhorov"]
[Result "1-0"]
[WhiteElo "2514"]
[BlackElo "2282"]
[TimeControl "180+1"]
[EndTime "8:28:58 PDT"]
[Termination "kacperkarwowski won by checkmate"]

1. e4 c5 2. d4 cxd4 3. c3 Nf6 4. e5 Nd5 5. Nf3 Nc6 6. cxd4 d6 7. Bc4 Nb6 8. Bxf7+ Kxf7 9. Ng5+ Ke8 10. e6 Qc7 11.
d5 Nb4 12. Nc3 Qc4 13. Be3 N4xd5 14. Nxd5 Qxd5 15. Qe2 Bxe6 16. Rd1 Qe5 17. f4 Qf6 18. Bxb6 axb6 19. Nxe6 Rc8 20. O-O g6 21. Rfe1 Bg7 22. Nxg7+ Qxg7 23. Qe6 Rd8 24. Qe4 Rd7 25. Qa4 Qxb2 26.
Rxd6 b5 27. Qe4 Kd8 28. Rxd7+ Kxd7 29. Qxb7+ Kd6 30. Qxe7+ Kd5 31. Qd7+ Kc4 32. Qe6+ Kc5 33. Re5+ Kd4 34. Qd5+ Kc3 35. Re3+ Kc2 36. Qd3+ Kc1 37. Re1# 1-0

[Event "Early-Titled-Tuesday-Blitz-April-16-2024"]
[Site "Chess.com"]
[Date "2024.04.16"]
[Round "3"]
[White "YegoryoCh"]
[Black "ilya2700"]
[Result "1-0"]
[WhiteElo "2572"]
[BlackElo "2316"]
[TimeControl "180+1"]
[EndTime "8:28:59 PDT"]
[Termination "YegoryoCh won on time"]

1. e4 c5 2. Nf3 e6 3. d4 cxd4 4.
Nxd4 Nf6 5. Nc3 Nc6 6. Nxc6 bxc6 7. e5 Nd5 8. Ne4 Qc7 9. f4 Qb6 10. c4 Ne3 11. Qd3 Bb4+ 12. Bd2 O-O 13. a3 Bxd2+ 14. Qxd2 Qb3 15. Rc1 Nf5 16. Be2 Rb8 17. Rc2 Nd4 18. Rc3 Qxb2 19. Qxd4 Qb1+ 20. Bd1 f5 21. Nd2 Qa1 22.
O-O Ba6 23. Rd3 Qa2 24. Bb3 Qxa3 25. Qxd7 Rbd8 26. Qxe6+ Kh8 27. Rxd8 Rxd8 28. Rb1 h6 29. Nf3 Qb4 30. h3 Rb8 31. Qxf5 Qf8 32. Bc2 1-0

[Event "Early-Titled-Tuesday-Blitz-April-16-2024"]
[Site "Chess.com"]
[Date "2024.04.16"]
[Round "3"]
[White "AlainBruxelles"]
[Black "Masterisback04"]
[Result "1-0"]
[WhiteElo "2348"]
[BlackElo "2010"]
[TimeControl "180+1"]
[EndTime "8:28:59 PDT"]
[Termination "AlainBruxelles won on time"]

1. e4 c5 2. Nf3 e6 3. c3 Nf6 4. e5 Nd5 5. a3 d6 6. d4 cxd4 7. c4 Ne7 8. exd6 Nf5 9. c5 Nc6 10. b4 a6 11. Bd3 Nh4 12. Nbd2 Nxg2+ 13. Kf1 Nf4 14. Nc4 e5 15. Bxf4 exf4 16. Qe2+ Be6 17. Nb6 Bxd6 18. Nxa8 Be7 19. Nb6 Bh3+ 20. Ke1 O-O 21.
Kd2 Bf6 22. Rhg1 g6 23. Rae1 Ne7 24. Ng5 Bf5 25. Ne4 Bg7 26. Nd6 Be6 27. Bc4 d3 28. Qxd3 Bxc4 29. Nbxc4 Nc6 30. Re4 Qf6 31. Rge1 f3 32.
Kc2 Bh6 33. Re8 Bg7 34. Rxf8+ Bxf8 35. Qc3 Nd4+ 36. Kb2 Qf4 37. Re4 Qxh2 38. Qxd4 h5 39. Kb3 Qg2 40. Qd5 1-0

[Event "Early-Titled-Tuesday-Blitz-April-16-2024"]
[Site "Chess.com"]
[Date "2024.04.16"]
[Round "3"]
[White "Polish_fighter3000"]
[Black "Abund"]
[Result "1-0"]
[WhiteElo "3166"]
[BlackElo "2816"]
[TimeControl "180+1"]
[EndTime "8:29:00 PDT"]
[Termination "Polish_fighter3000 won by resignation"]

1. d4 d5 2. c4 e6 3. Bf4 Nf6 4. e3 Be7 5. Nc3 O-O 6. Rc1 dxc4 7. Qf3 Nd5 8. Nh3 Nxf4 9. Nxf4 c5 10. d5 exd5 11.
Nfxd5 Be6 12. Bxc4 Nc6 13. Qe4 Bd6 14. O-O Qg5 15. f4 Qh5 16. Nf6+ gxf6 17. Bxe6 Rae8 18. Qd5 Qxd5 19. Bxd5 Rxe3 20. Bxc6 bxc6 21. g3 c4 22. Rfe1 Bc5 23. Kg2 Rfe8 24. Rxe3 Bxe3 25. Rc2 Bb6 26. Kh3 f5 27. Kh4 Bd8+ 28. Kh3 Bb6 29. Nb1 Re4 30. Na3 Kg7 31. Nxc4 Bd4 32. Nd6 c5 33. Nxe4 fxe4 34. b3 Kg6 35. Kg2 Kf5 36. Rc4 h5 37. Ra4 e3 38. Kf3 f6 39. Rxa7 c4 40. Ra5+ Ke6 41.
bxc4 Kd6 42. Rd5+ 1-0

[Event "Early-Titled-Tuesday-Blitz-April-16-2024"]
[Site "Chess.com"]
[Date "2024.04.16"]
[Round "3"]
[White "Savagelittlemole"]
[Black "Egor_Koshulyan"]
[Result "0-1"]
[WhiteElo "2517"]
[BlackElo "2735"]
[TimeControl "180+1"]
[EndTime "8:29:00 PDT"]
[Termination "Egor_Koshulyan won on time"]

1. e4 e5 2. Nf3 Nc6 3. Bc4 Bc5 4. O-O Nf6 5. d3 d6 6. a4 a6 7. Nc3 Bg4 8. h3 Bh5 9. Bg5 h6 10. Bxf6 Qxf6 11. Nd5 Qd8 12. c3 Qd7 13. b4 Ba7 14. b5 Na5 15. Ba2 O-O 16. bxa6 bxa6 17. g4 Bg6 18. Nh4 Kh7 19. Rb1 c6 20. Ne3 d5 21.
exd5 Bxe3 22. fxe3 cxd5 23. Qe2 Rac8 24. e4 dxe4 25.
Nxg6 fxg6 26. Qxe4 Rxf1+ 27. Rxf1 Rxc3 28. Bf7 Qd4+ 29. Kg2 Qd6 30. h4 Qc6 31. h5 Qxe4+ 32. dxe4 gxh5 33. gxh5 Rc8 34. Bg6+ Kg8 35. Rd1 Nc4 36. Rd7 Ne3+ 0-1

[Event "Early-Titled-Tuesday-Blitz-April-16-2024"]
[Site "Chess.com"]
[Date "2024.04.16"]
[Round "3"]
[White "RandomNoob04"]
[Black "Schattman"]
[Result "1-0"]
[WhiteElo "2658"]
[BlackElo "2501"]
[TimeControl "180+1"]
[EndTime "8:29:00 PDT"]
[Termination "RandomNoob04 won on time"]

1. e4 c6 2. c4 d5 3. exd5 cxd5 4. d4 Nf6 5. Nc3 g6 6. Nf3 Bg7 7. cxd5 Nxd5 8. Bc4 Nb6 9. Bb3 O-O 10. O-O Nc6 11.
d5 Na5 12. Re1 Nxb3 13. Qxb3 Bg4 14. Ne5 Bf5 15. Bg5 Bxe5 16. Rxe5 f6 17. d6+ e6 18.
Rxf5 gxf5 19. Qxe6+ Kg7 20. Bf4 Qd7 21. Qe3 Rfe8 22.
Qg3+ Kh8 23. h3 Rg8 24. Qh4 Rg6 25. Re1 Re8 26. Rd1 Reg8 27. g3 Qc6 28. Qh5 Qd7 29. Qe2 Re8 30. Qd3 Rgg8 31. Qd4 Kg7 32. a4 Rgf8 33.
a5 Nc8 34. Nd5 Re4 35. Qd2 Rfe8 36. Nc7 Rd8 37. Qd5 b6 38. a6 Qa4 39. b3 Qd7 40. Qb7 Rf8 41. Nd5 1-0

[Event "Early-Titled-Tuesday-Blitz-April-16-2024"]
[Site "Chess.com"]
[Date "2024.04.16"]
[Round "3"]
[White "noblerone"]
[Black "ChessboArt"]
[Result "0-1"]
[WhiteElo "2551"]
[BlackElo "2314"]
[TimeControl "180+1"]
[EndTime "8:29:00 PDT"]
[Termination "ChessboArt won by resignation"]

1. d4 Nf6 2. Nf3 g6 3. Bg5 Bg7 4. Nbd2 d5 5. e3 O-O 6. Be2 c5 7. O-O cxd4 8. exd4 Nc6 9. c3 Bg4 10. h3 Bxf3 11. Nxf3 h6 12. Bf4 Qb6 13. Qb3 Qxb3 14. axb3 a6 15. b4 Ne4 16. Rfe1 Rfe8 17. Bd3 f5 18. b5 axb5 19. Bxb5 e6 20. Be5 Rec8 21. Bxg7 Kxg7 22. Bxc6 bxc6 23. Ne5 c5 24. Rxa8 Rxa8 25. dxc5 Nxc5 26. Nf3 Kf6 27. Nd4 e5 28. Nc6 Nd3 29. Rd1 e4 30. b3 Rc8 31. Nb4 Nxb4 32. cxb4 Ke5 33. Ra1 Rc3 34. Ra3 Rc1+ 35. Kh2 Rb1 36.
Kg3 d4 37. f4+ Kd5 38. Ra5+ Kc6 39. Ra6+ Kb5 40. Rxg6 Rxb3+ 41. Kf2 Rb2+ 42. Ke1 Kxb4 43. Rc6 d3 44. Rb6+ Kc3 45. Rc6+ Kd4 46. Kf1 e3 47. Kg1 d2 48. Rd6+ Kc5 0-1

[Event "Early-Titled-Tuesday-Blitz-April-16-2024"]
[Site "Chess.com"]
[Date "2024.04.16"]
[Round "3"]
[White "IsaqueGoncalvesSanto"]
[Black "arnash_bauyrzhan"]
[Result "1-0"]
[WhiteElo "1849"]
[BlackElo "2317"]
[TimeControl "180+1"]
[EndTime "8:29:00 PDT"]
[Termination "IsaqueGoncalvesSanto won on time"]

1. d4 d5 2. c4 e6 3. Nc3 Be7 4. Nf3 Nf6 5. Bf4 O-O 6. h3 b6 7. e3 Bb7 8. cxd5 Nxd5 9. Bh2 c5 10.
Be2 Nd7 11. Rc1 N7f6 12. O-O Nxc3 13. bxc3 Ne4 14. Ne5 Rc8 15. Bf3 Bd6 16. Nc4 Bxh2+ 17. Kxh2 Qg5 18. Ne5 cxd4 19. cxd4 Rxc1 20. Qxc1 Rc8 21.
Qd1 Nc3 22. Qd2 Bxf3 23. Nxf3 Ne4 24. Qe2 Qf5 25. Qa6 Rc7 26. Qb5 Qxb5 27. Kg1 Nc3 28. Re1 Ne2+ 29. Kh1 h6 30. Ne5 Rc2 31. a3 Ra2 32. a4 Qxa4 33. Nd3 Ra1 34. Nc1 1-0

[Event "Early-Titled-Tuesday-Blitz-April-16-2024"]
[Site "Chess.com"]
[Date "2024.04.16"]
[Round "3"]
[White "SirStrateg"]
[Black "ATM622"]
[Result "1-0"]
[WhiteElo "2632"]
[BlackElo "2461"]
[TimeControl "180+1"]
[EndTime "8:29:01 PDT"]
[Termination "SirStrateg won on time"]

1. d4 Nf6 2. Bf4 d5 3. e3 Bf5 4. c4 c6 5. Nc3 e6 6. Qb3 Na6 7. c5 Qc8 8. Bxa6 bxa6 9. h3 Be7 10. Nf3 O-O 11. O-O Rd8 12. Rfd1 Ne8 13. Qa4 f6 14. b4 g5 15. Bg3 g4 16. Nh4 gxh3 17. Nxf5 exf5 18.
Ne2 Ng7 19. gxh3 Nh5 20. Kh2 Kf7 21. Rg1 Rg8 22. Bf4 Rg6 23. Rg2 Rxg2+ 24. Kxg2 Qe6 25. Qxa6 Rg8+ 26. Kh2 Qe4 27. Rg1 Rxg1 28. Kxg1 Qf3 29. Ng3 Nxf4 30. exf4 Qxf4 31. Qxc6 Qxd4 32. Nxf5 Qd1+ 33.
Kg2 Bf8 34. Qd7+ Kg6 35. Nh4+ Kh6 36. Qf5 Qd4 37. Qg4 Qxg4+ 38. hxg4 Kg5 39. Nf5 Kxg4 40. c6 Bd6 41. Nxd6 1-0

[Event "Early-Titled-Tuesday-Blitz-April-16-2024"]
[Site "Chess.com"]
[Date "2024.04.16"]
[Round "3"]
[White "balack95"]
[Black "FoggyMorning"]
[Result "0-1"]
[WhiteElo "2443"]
[BlackElo "2621"]
[TimeControl "180+1"]
[EndTime "8:29:01 PDT"]
[Termination "FoggyMorning won on time"]

1. d4 Nf6 2. c4 e6 3. Nc3 Bb4 4. f3 d5 5. a3 Be7 6. e4 dxc4 7. Bxc4 c5 8. d5 exd5 9. Nxd5 Nxd5 10. Bxd5 O-O 11.
Ne2 Nd7 12. O-O Nb6 13. Nc3 Bf6 14. Be3 Nxd5 15. Nxd5 Bxb2 16. Ra2 Bd4 17. Bxd4 cxd4 18. Qxd4 Be6 19. Rc2 Qa5 20. a4 Rad8 21. Rd1 Rfe8 22.
Rc5 Qa6 23. Rc7 h6 24. Qb4 Qe2 25. Qd2 Qa6 26. Qb4 Qe2 27. Re1 Qa6 28. Ne7+ Kh7 29. Qxb7 Qxa4 30. Qxa7 Qb4 31. Rec1 Rd2 32. Qe3 Qb2 33. Nc6 Rxg2+ 34. Kf1 Rxh2 35. Nd4 Qg2+ 36. Ke1 Rh1+ 0-1

[Event "Early-Titled-Tuesday-Blitz-April-16-2024"]
[Site "Chess.com"]
[Date "2024.04.16"]
[Round "3"]
[White "WiktoriaPOL"]
[Black "Dixit_Nikhil"]
[Result "1/2-1/2"]
[WhiteElo "2399"]
[BlackElo "2593"]
[TimeControl "180+1"]
[EndTime "8:29:01 PDT"]
[Termination "Game drawn by repetition"]

1. c4 Nf6 2. Nc3 g6 3. g3 Bg7 4.
Bg2 O-O 5. e4 Nc6 6. Nge2 a6 7.
d3 Rb8 8. a4 e6 9. O-O Nb4 10.
h3 d5 11. e5 Nd7 12. cxd5 Nxe5 13. d4 Ned3 14. Be3 Nxb2 15. Qb1 N2d3 16. Be4 exd5 17.
Bxd3 Nxd3 18. Qxd3 Bxh3 19. Rfc1 Bf5 20. Qd2 Qd7 21.
Nf4 c6 22. Nd3 h5 23. Nc5 Qc8 24. Bh6 Re8 25. Bxg7 Kxg7 26. Re1 Rxe1+ 27. Rxe1 b6 28. Nd3 Qd7 29. Ne5 Qd6 30. Qf4 Re8 31. Rd1 b5 32. axb5 cxb5 33. Qf3 Be6 34. Ra1 Rc8 35. Ne2 b4 36.
Nf4 Rc3 37. Nxe6+ Qxe6 38. Rxa6 Qxa6 39. Qxf7+ Kh6 40. Qf8+ Kh7 41. Qf7+ Kh6 42. Qf8+ Kh7 43. Qf7+ Kh6 1/2-1/2

[Event "Early-Titled-Tuesday-Blitz-April-16-2024"]
[Site "Chess.com"]
[Date "2024.04.16"]
[Round "3"]
[White "MikhailBLR"]
[Black "MrChampion_Coach"]
[Result "1/2-1/2"]
[WhiteElo "2332"]
[BlackElo "2567"]
[TimeControl "180+1"]
[EndTime "8:29:01 PDT"]
[Termination "Game drawn by repetition"]

1. e4 Nf6 2. e5 Nd5 3. Nc3 e6 4. Nxd5 exd5 5. Nf3 d6 6. d4 c5 7. Bb5+ Bd7 8. Bxd7+ Nxd7 9. exd6 Bxd6 10. dxc5 Qa5+ 11. Bd2 Qxc5 12. O-O O-O 13. Bc3 Rfe8 14. Re1 Rxe1+ 15.
Qxe1 Nf8 16. Rd1 Ne6 17. Qd2 Rd8 18. Nd4 Qc4 19. a3 Be5 20. Qd3 Nf4 21. Qe3 Re8 22. Nf3 Ne2+ 23. Kh1 Nxc3 24. bxc3 f6 25. Nxe5 Rxe5 26.
Qxa7 Qe2 27. Rg1 Qxc2 28. Qb8+ Kf7 29. Qxb7+ Kg6 30. Qb4 Qxf2 31. Qg4+ Rg5 32. Qd4 Re5 33. Qg4+ Kf7 34. Qd7+ Kg6 35. Qg4+ 1/2-1/2

[Event "Early-Titled-Tuesday-Blitz-April-16-2024"]
[Site "Chess.com"]
[Date "2024.04.16"]
[Round "3"]
[White "UnTucopalaTimba"]
[Black "Larina_Maria"]
[Result "1-0"]
[WhiteElo "2014"]
[BlackElo "2330"]
[TimeControl "180+1"]
[EndTime "8:29:01 PDT"]
[Termination "UnTucopalaTimba won by resignation"]

1. e4 c6 2. d4 d5 3. Nc3 dxe4 4.
Nxe4 Nf6 5. Nxf6+ exf6 6. c3 Bd6 7. Bd3 O-O 8. Ne2 Re8 9. O-O Nd7 10. Qc2 h5 11. h3 Nf8 12. b3 Ne6 13. Be3 Ng5 14. Nf4 h4 15. c4 Qc7 16. Ne2 Nxh3+ 17. gxh3 Bxh3 18. Rfe1 Bg4 19. Bf5 Bf3 20. Bh3 Bh2+ 21.
Kf1 g5 22. Qf5 Bxe2+ 23. Rxe2 Re6 24. Qf3 Rae8 25. Bxe6 Rxe6 26. d5 cxd5 27. cxd5 Qc3 28. Rc1 Qe5 29. dxe6 fxe6 30. Bxa7 Qa5 31. Bd4 e5 32. Bc3 Qb6 33. Bd2 Kf7 34. Qd5+ Kg6 35. Be3 Qb4 36. Rec2 Qg4 37. Qg2 Qxg2+ 38. Kxg2 Bf4 39.
Bxf4 exf4 40. Rc7 g4 41. R1c4 f3+ 42. Kg1 f5 43. Rxb7 Kg5 44. Rg7+ Kf6 45. Rh7 h3 46. Kh2 Kg5 47. Kg3 f4+ 48. Rxf4 h2 49. Rxh2 1-0